Cogmind - Beta 16 @@@ ROGUE MODE // 2025.10.25 @ 13:48:51 Player: Darcyisverycute Result: Destroyed by X-72 Disruptor with Arc Projector Performance ------------- Evolutions (4) 2000 Regions Visited (13) 2600 Robots Destroyed (181) 905 Value Destroyed (6616) 6616 Prototype IDs (42) 840 Alien Tech Used (0) 0 Bonus (2832) 2832 TOTAL SCORE: 15793 Bonus ------- High Alert Combat Kills 693 Follower Combat Kills 339 Entered Garrisons 200 Met Imprinter 300 Destroyed Z-Imprinter 1000 Acquired ECA 300 Cogmind --------- Core Integrity 0/850 Matter 267/300 Energy 149/150 System Corruption 13% Temperature Hot (286) Movement Hovering (56) Location -6/Lower Caves Parts ------- > --- POWER (1) -------- Micro Nuclear Core > --- PROPULSION (4) --- Gravmag System Gravmag Array > --- UTILITY (6) ------ Medium Storage Unit Advanced Signal Interpreter Zionite Weapon Casing Makeshift Hacking Suite > --- WEAPON (4) ------- Magnetic Acceleration Cannon (fused) CR-A16's Pointy Stick > --- INVENTORY (10) --- Gravmag System Zionite Biocell (600) Advanced Targeting Computer Improved Kinecellerator Advanced ECM Suite Improved Trap Extractor (3/6 Shock) Phasing AFG Dimensional Node Initializer Magnetic Acceleration Cannon Deploy-a-Sentry Peak State ------------ > --- POWER ------------ Micro Nuclear Core > --- PROPULSION ------- Gravmag System Gravmag System Gravmag Array > --- UTILITY ---------- Experimental Heat Sink Medium Storage Unit Advanced Sensor Array Advanced Signal Interpreter Zionite Weapon Casing Makeshift Hacking Suite > --- WEAPON ----------- Magnetic Acceleration Cannon Molecular Deconstructor CR-A16's Pointy Stick > --- INVENTORY -------- Gravmag System Zionite Biocell Advanced Targeting Computer Improved Kinecellerator Advanced ECM Suite Improved Trap Extractor Phasing AFG Dimensional Node Initializer Magnetic Acceleration Cannon Deploy-a-Sentry [Rating: 83] Favorites ----------- Power Subdweller Power Source Engine Subdweller Power Source Power Core Light Nuclear Core Reactor Zionite Light DM Reactor Propulsion Aluminum Leg Treads Light Treads Leg Aluminum Leg Wheel Wheel Hover Unit Improved Airjet Flight Unit Xenon Bombardment Thruster Utility Huge Storage Unit Device Improved Heat Sink Storage Huge Storage Unit Processor Machine Analyzer Hackware Makeshift Hacking Suite Protection Hardened Light Armor Plating Weapon Precision Assault Rifle Energy Gun Spread Laser Energy Cannon Improved EM Pulse Cannon Ballistic Gun Precision Assault Rifle Ballistic Cannon Light Cannon Launcher Long-range Missile Launcher Special Weapon Molecular Deconstructor Impact Weapon Heavy Mace Slashing Weapon Scythe Piercing Weapon CR-A16's Pointy Stick Special Melee Weapon Datajack Build | -11 -10 -10 -10 -8 -8 -7 -7 -7 -7 -7 -6 -6 -6 ------- Run | Yrd Mat Min Sub Mat Gar Fac Low Low Zio Dee Pro Fac Low Slots Evolved 8 | . . . . 4 . 2 . . . . . 2 . Power . | . . . . . . . . . . . . . . Propulsion 2 | . . . . 1 . 1 . . . . . . . Utility 4 | . . . . 1 . 1 . . . . . 2 . Weapon 2 | . . . . 2 . . . . . . . . . Parts Attached 172 | 7 15 5 5 9 7 48 2 . 5 18 11 38 2 Power 18 | 1 1 . 1 2 . 6 . . . 2 3 2 . Engine 8 | 1 1 . 1 1 . 3 . . . . . 1 . Core 8 | . . . . 1 . 3 . . . . 3 1 . Reactor 2 | . . . . . . . . . . 2 . . . Propulsion 47 | 2 3 . 2 2 2 16 . . . 4 4 12 . Treads 6 | . . . 1 . 1 2 . . . . . 2 . Leg 11 | 2 3 . . . . 2 . . . 1 1 2 . Wheel 7 | . . . 1 1 1 4 . . . . . . . Hover 12 | . . . . 1 . 4 . . . 3 . 4 . Flight 11 | . . . . . . 4 . . . . 3 4 . Utility 57 | 2 2 3 2 3 1 11 2 . 4 8 2 16 1 Device 24 | 1 . 1 . 2 1 3 2 . 2 2 1 9 . Storage 8 | 1 2 1 . . . 1 . . . 2 . 1 . Processor 9 | . . 1 1 . . 2 . . 1 . . 4 . Hackware 4 | . . . . . . 1 . . . . 1 2 . Protection 12 | . . . 1 1 . 4 . . 1 4 . . 1 Artifact . | . . . . . . . . . . . . . . Weapon 50 | 2 9 2 . 2 4 15 . . 1 4 2 8 1 Energy Gun 9 | 1 3 . . 1 . 3 . . . 1 . . . Energy Cannon 1 | . . . . . . 1 . . . . . . . Ballistic Gun 17 | 1 . . . 1 2 7 . . . . 2 4 . Ballistic Cannon 6 | . 1 1 . . . 2 . . . 1 . 1 . Launcher 7 | . 4 1 . . 1 . . . . 1 . . . Special Weapon 1 | . . . . . . . . . . . . . 1 Impact Weapon 1 | . . . . . 1 . . . . . . . . Slashing Weapon 3 | . 1 . . . . 1 . . . . . 1 . Piercing Weapon 1 | . . . . . . . . . 1 . . . . Special Melee Weapon 4 | . . . . . . 1 . . . 1 . 2 . Unidentified Prototypes 25 | . . 1 . 1 . 9 . . 1 12 . . 1 Corrupted Parts 4 | . . 3 1 . . . . . . . . . . System Corruption 12 | . . 9 3 . . . . . . . . . . Parts Lost 61 | . 1 . 2 4 1 15 . . . 3 12 20 3 Power 8 | . 1 . 1 . . 2 . . . . 2 2 . Propulsion 23 | . . . . 1 1 6 . . . 2 6 6 1 Utility 11 | . . . . 1 . 3 . . . . . 6 1 Weapon 19 | . . . 1 2 . 4 . . . 1 4 6 1 Highest Loss Streak 9 | . 1 . 1 4 1 6 . . . 2 5 9 2 To Critical Strikes . | . . . . . . . . . . . . . . Average Backups 15 | . 10 16 21 21 23 21 10 10 10 9 7 8 9 Power . | . . . . . 1 1 . . . . . . . Propulsion 1 | . . 1 1 2 7 3 1 1 1 . . . . Utility 6 | . 2 4 8 7 5 6 5 4 4 6 5 6 5 Weapon 6 | . 7 10 11 10 9 9 3 4 4 1 . . 1 Tool/Special . | . . . . . . . . . . . . . . Unused Backups 36 | . 2 1 . 9 . 12 1 . . 2 . 4 5 Power . | . . . . . . . . . . . . . . Propulsion 6 | . . . . 1 . 4 . . . . . . 1 Utility 15 | . . 1 . 5 . 3 1 . . 2 . 2 1 Weapon 13 | . 2 . . 3 . 4 . . . . . 2 2 Tool/Special 2 | . . . . . . 1 . . . . . . 1 Average Slot Usage (%) 90 | . 99 99 95 62 100 94 100 100 100 96 66 79 87 Engine 5 | . 13 13 12 5 . . . . . . . 3 . Core 2 | . . . . . 9 5 7 7 7 . 2 1 6 Treads 4 | . . . 11 7 9 2 . . . . . . . Leg 8 | . 28 28 15 4 . 8 . . . . 1 1 . Wheel 3 | . . . . 10 18 9 . . . . . . . Hover 7 | . . . . . . 5 30 30 30 28 8 4 19 Flight 2 | . . . . . . 1 . . . . 6 14 . Device 7 | . 7 8 . 4 9 8 7 7 5 8 8 14 17 Storage 10 | . 20 19 13 6 9 7 7 7 7 7 5 5 6 Processor 6 | . . . 12 1 . 1 7 7 9 9 7 6 6 Hackware 2 | . . . . . . 6 7 7 5 . 5 7 6 Protection 1 | . . . . 4 9 3 . . 1 2 1 . . Energy Gun 3 | . 6 13 . 8 13 4 . . . . . . . Ballistic Gun 8 | . 13 . . 5 14 18 23 23 23 14 3 7 . Ballistic Cannon 8 | . 3 13 25 1 . 2 . . . 5 1 . 6 Piercing Weapon 1 | . . . . . . . . . 6 3 5 6 6 Peak Build Rating 83 | 7 11 19 38 38 29 53 54 52 63 78 61 67 83 Average Rating 34 | 5 8 14 18 25 27 41 50 51 57 66 38 52 67 On Entrance 35 | . 7 10 15 38 27 28 53 50 52 52 60 37 64 Avg Prop Armor Cover (%) 7 | . . . 6 10 6 6 . . . 11 16 6 . Naked Turns . | . . . . . . . . . . . . . . Heaviest Build 130 | 13 35 105 130 130 105 115 31 31 54 62 46 36 37 Greatest Support 49 | 20 20 20 20 30 30 48 36 36 36 49 39 42 42 Greatest Overweight (x) 10 | . 1 5 6 6 4 10 . . 1 3 4 5 . Average Overweight (x) 1 | . . 1 4 3 3 2 . . . . . . . Largest Inventory Capacity 25 | 8 15 25 25 25 25 25 10 10 10 10 10 10 10 Average Capacity 17 | 6 11 17 24 22 25 21 10 10 10 10 8 9 10 Most Carried 25 | 2 15 20 25 25 25 25 10 10 10 10 10 10 10 Average Carried 16 | . 10 16 22 21 23 21 9 9 9 9 8 9 9 Final Capacity 25 | 8 15 25 25 25 25 10 10 10 10 10 10 10 10 Final Carried 25 | 2 15 20 24 25 25 10 10 10 10 10 10 10 10 Class Distribution -------------------- 45% | Mutant 12% | Tank 9% | Scavenger-Mutant 8% | Skirmisher 5% | Gunner 4% | Scavenger-Skirmisher 3% | Scavenger-Tank Dominant Class ---------------- Mutant | -10/Materials Mutant | -10/Mines Mutant | -10/Subcaves Mutant | -8/Materials Tank | -8/Garrison Tank | -7/Factory Skirmisher | -7/Lower Caves Skirmisher | -7/Lower Caves Skirmisher | -7/Zion Scavenger-Skirmisher | -7/Deep Caves Scavenger-Mutant | -6/Proximity Caves Hacker-Sprinter | -6/Factory Scavenger-Mutant | -6/Lower Caves Resources | -11 -10 -10 -10 -8 -8 -7 -7 -7 -7 -7 -6 -6 -6 ----------- Run | Yrd Mat Min Sub Mat Gar Fac Low Low Zio Dee Pro Fac Low Matter Collected 6952 | 249 315 510 369 427 390 2191 70 10 60 572 593 718 478 Remotely . | . . . . . . . . . . . . . . Salvage Created 6341 | 82 641 9 262 436 352 2033 . . 113 320 762 1125 206 Parts 363 | 6 53 1 24 18 21 122 . . 2 26 28 55 7 Haulers Intercepted 12 | . 1 . . 2 . 5 . . . . . 4 . Recyclers Shooed 7 | . . . . 2 . 3 . . . . . 2 . Parts Field Recycled . | . . . . . . . . . . . . . . Retrieved Matter . | . . . . . . . . . . . . . . Parts Self-Destructed 31 | . . . 13 . . . . . 2 . 16 . . Prevented 1 | . . . . . . . 1 . . . . . . Parts Restored . | . . . . . . . . . . . . . . Kills | -11 -10 -10 -10 -8 -8 -7 -7 -7 -7 -7 -6 -6 -6 ------- Run | Yrd Mat Min Sub Mat Gar Fac Low Low Zio Dee Pro Fac Low Combat Hostiles Destroyed 141 | . 18 1 10 8 13 40 . . . 11 28 8 4 Melee 11 | . . . . . . 1 . . . . 2 8 . Guns 65 | . 12 . 1 8 11 30 . . . 2 1 . . Cannons 19 | . 1 1 9 . . 1 . . . 2 1 . 4 AOE 46 | . 5 . . . 2 8 . . . 7 24 . . Classes Destroyed 19 | 2 5 . 2 . . 4 . . . 3 2 . 1 Worker 14 | . 1 . . 1 . 12 . . . . . . . Builder 6 | . 1 . . . . 4 . . . . . 1 . Tunneler 3 | 2 . . . . . . . . . . . 1 . Hauler 12 | . 1 . . 2 . 5 . . . . . 4 . Recycler 7 | 1 . . . 2 . 2 . . . . . 2 . Minesweeper 1 | . . . . . . . . . . . 1 . . Operator 2 | . . . . . . . . . . . . 2 . Swarmer 42 | . 3 1 3 3 7 11 . . . . 14 . . Grunt 58 | . 15 . 2 4 4 20 . . . . 10 3 . Brawler 2 | . . . . . . . . . . . 2 . . Duelist 2 | . . . . . . 1 . . . . 1 . . Sentry 8 | . . . 1 1 2 1 . . . . 1 2 . Specialist 2 | . . . . . . 2 . . . . . . . Programmer 7 | . . . . . . 4 . . . . . 3 . Heavy 1 | . . . . . . 1 . . . . . . . Subdweller 4 | . . . 4 . . . . . . . . . . Z-Technician 4 | . . . . . . . . . . 4 . . . Z-Light 4 | . . . . . . . . . . 4 . . . Decomposer 2 | . . . . . . . . . . . . . 2 Samaritan 1 | . . . . . . . . . . . . . 1 Assembled 6 | . . . . . . . . . . 6 . . . Thug 2 | . . . . . . 1 . . . . . . 1 Savage 3 | . . . . . . . . . . . . . 3 Best Kill Streak 14 | 2 5 1 4 6 4 14 . . . 4 9 3 2 Combat Bots Only 9 | . 5 1 4 3 4 8 . . . 3 9 3 2 Max Kills in Single Turn 3 | 1 3 1 1 1 2 3 . . . 2 3 1 1 Gunslinging 1 | . . . . . 1 1 . . . . . . . Exploded 3 | . 3 . . . 2 2 . . . 2 3 . . Melee 1 | . . . . . . 1 . . . . 1 1 . Uniques/NPCs Destroyed 1 | . . . . . . . . . . 1 . . . Z-Imprinter (-7/Deep Caves) Combat | -11 -10 -10 -10 -8 -8 -7 -7 -7 -7 -7 -6 -6 -6 -------- Run | Yrd Mat Min Sub Mat Gar Fac Low Low Zio Dee Pro Fac Low Hostile Shots Fired 846 | . 45 3 55 45 38 249 . . . 16 76 267 52 Missed 256 | . 14 . 17 10 10 79 . . . 4 20 86 16 Hits 590 | . 31 3 38 35 28 170 . . . 12 56 181 36 Melee 4 | . . . . . . . . . . . 4 . . Projectile 586 | . 31 3 38 35 28 170 . . . 12 52 181 36 Critical Strikes 18 | . . 1 1 3 1 5 . . . . 4 1 2 Actively Blocked 1 | . . . . . . . . . . . . . 1 Part Disruptions 1 | . . . . . . . . . . . . 1 . Damage Taken 9744 | . 377 66 653 581 312 2955 . . . 706 1169 2250 675 Core 1790 | . 63 13 126 60 50 318 . . . 43 264 554 299 Absorbed by Shields 4 | . . . . . 4 . . . . . . . . Redirected to Shielding 108 | . . . . . . . . . . . . . 108 Regen/Repaired (Parts) 78 | . 13 . . . . 65 . . . . . . . Core Remaining (%) 52 | 100 . . 19 . 80 . . . . . 10 . . Volleys Fired 333 | 11 33 1 26 36 22 89 . . . 25 25 6 59 Largest 4 | 2 2 1 3 4 4 4 . . . 4 3 1 1 Hottest 210 | 70 85 30 87 210 180 170 . . . 139 98 28 44 Shots Fired 725 | 22 65 1 51 71 52 307 . . . 66 27 7 56 Gun 523 | 22 52 . 5 71 47 265 . . . 46 9 6 . Cannon 153 | . 6 1 45 . . 34 . . . 9 1 1 56 Launcher 49 | . 7 . 1 . 5 8 . . . 11 17 . . Special . | . . . . . . . . . . . . . . Kinetic 519 | 11 38 1 50 20 27 244 . . . 55 10 7 56 Thermal 116 | 11 9 . . 45 20 31 . . . . . . . Explosive 48 | . 7 . . . 5 8 . . . 11 17 . . Electromagnetic 42 | . 11 . 1 6 . 24 . . . . . . . Robot Hit Streak 36 | 14 36 4 7 16 7 8 . . . 3 7 3 5 Robot Miss Streak 11 | 2 2 . 3 9 11 10 . . . 4 2 . 2 Penetration Max . | . . . . . . . . . . . . . . Secondary Targets 15 | . . . . 1 3 10 . . . 1 . . . Max Gunslinging Chain 1 | . . . . 1 1 1 . . . 1 . . . Shots Hit Robots 541 | 16 45 1 25 59 33 219 . . 4 30 21 60 28 Core Hits 413 | 5 35 1 16 55 31 168 . . 1 25 43 24 9 Critical Kills . | . . . . . . . . . . . . . . Critical Parts Destroyed 2 | . . . . . . 2 . . . . . . . Critical Strikes 13 | 2 . . . . . 6 . . . . . 3 2 Burn 4 | 2 . . . . . 2 . . . . . . . Destroy 2 | . . . . . . 2 . . . . . . . Blast 4 | . . . . . . 2 . . . . . . 2 Impale 3 | . . . . . . . . . . . . 3 . Melee Attacks 256 | . 6 . . . 46 27 3 . 5 7 14 140 8 Impact 49 | . . . . . 46 3 . . . . . . . Slashing 33 | . 6 . . . . 23 3 . . . . 1 . Piercing 170 | . . . . . . . . . 5 7 14 136 8 Sneak Attacks 29 | . . . . . . 6 . . . 5 2 13 3 Combat Hostiles . | . . . . . . . . . . . . . . Follow-up Attacks . | . . . . . . . . . . . . . . Damage Inflicted 16590 | 205 1107 19 436 995 730 5005 . . 274 1478 2941 2394 1006 Guns 5560 | 196 548 . 35 864 428 3031 . . . 347 72 39 . Cannons 1886 | . 71 17 394 . . 456 . . . 165 30 . 753 Explosions 5018 | . 460 . . 127 302 964 . . . 595 2570 . . Melee 4098 | . 28 . . . . 548 . . 274 371 269 2355 253 Ramming 28 | 9 . 2 7 4 . 6 . . . . . . . Kinetic 5685 | 84 375 17 429 210 230 2934 . . . 512 102 39 753 Thermal 1457 | 112 130 . . 696 198 321 . . . . . . . Explosive 4850 | . 460 . . . 302 923 . . . 595 2570 . . Electromagnetic 472 | . 114 . . 85 . 273 . . . . . . . Impact 87 | . . . . . . 87 . . . . . . . Slashing 489 | . 28 . . . . 461 . . . . . . . Piercing 3522 | . . . . . . . . . 274 371 269 2355 253 Highest Corruption 13 | . . 9 12 . . 4 1 . . 7 7 11 13 Average Corruption 7 | . . 7 9 . . 2 1 . . 7 7 10 11 Corruption Purged 4 | . . . . . . 3 1 . . . . . . Corruption Blocked . | . . . . . . . . . . . . . . Effects 235 | . . 1 123 . . 19 . . . 12 23 23 34 Message Errors 59 | . . . 39 . . 1 . . . 3 5 6 5 Matter Fused 68 | . . . 36 . . 6 . . . 3 7 4 12 Heat Flow Errors 25 | . . . 10 . . 1 . . . . 4 3 7 Energy Discharges 21 | . . . 8 . . 2 . . . 2 4 4 1 Parts Rejected 2 | . . . . . . . . . . . . 1 1 Parts Fused 3 | . . . . . . 2 . . . . . . 1 Data Loss (minor) 33 | . . 1 21 . . 2 . . . 2 1 2 4 Data Loss (major) 8 | . . . 5 . . 1 . . . 1 . 1 . Misfires 6 | . . . 2 . . 2 . . . . 1 1 . Alerts 4 | . . . 2 . . . . . . 1 . 1 . Weapon Failures 6 | . . . . . . 2 . . . . 1 . 3 Overload Shots . | . . . . . . . . . . . . . . Overflow Damage 1083 | . 21 . . 37 6 179 . . 102 107 167 331 133 Projectiles 31 | . . . . . . 31 . . . . . . . Explosions 244 | . 21 . . 37 6 24 . . . 31 125 . . Melee 808 | . . . . . . 124 . . 102 76 42 331 133 Knockbacks 6 | . . . 2 . . 4 . . . . . . . Impact 1 | . . . . . . 1 . . . . . . . Kinetic 5 | . . . 2 . . 3 . . . . . . . Secondary . | . . . . . . . . . . . . . . Self-Inflicted Damage 409 | . 20 . 6 46 19 136 . . . . 182 . . Shots 11 | . 1 . 1 1 1 3 . . . . 4 . . Rammed . | . . . . . . . . . . . . . . Targets Rammed 9 | 3 . 1 3 1 . 1 . . . . . . . Kicked 9 | 3 . 1 3 1 . 1 . . . . . . . Crushed . | . . . . . . . . . . . . . . Highest Temperature 369 | 63 124 . 228 330 369 265 . . . 313 297 236 158 Average Temperature 79 | 27 31 . 92 109 81 44 . . . 132 138 83 74 Received Heat Transfer 2484 | . 177 . 129 315 90 681 . . . 108 171 711 102 Effects 4 | . . . . 3 . . . . . 1 . . . Energy Bleed 1 | . . . . . . . . . . 1 . . . Interference 3 | . . . . 3 . . . . . . . . . Siege Activations . | . . . . . . . . . . . . . . Martial Activations . | . . . . . . . . . . . . . . Shielding Activations . | . . . . . . . . . . . . . . Robots Disrupted . | . . . . . . . . . . . . . . Combat Hostiles . | . . . . . . . . . . . . . . Robots Corrupted 1 | . . . . . . 1 . . . . . . . Combat Hostiles . | . . . . . . . . . . . . . . Parts Fried . | . . . . . . . . . . . . . . Impact Corruptions 2 | . . . . . . 2 . . . . . . . Robots Melted . | . . . . . . . . . . . . . . Combat Hostiles . | . . . . . . . . . . . . . . Parts Melted 5 | 1 . . . 1 2 1 . . . . . . . Heat Transferred 2680 | 481 170 . . 865 240 924 . . . . . . . Parts Sabotaged 2 | . . . . . . . . . . . 2 . . Parts Stolen . | . . . . . . . . . . . . . . Parts Stripped . | . . . . . . . . . . . . . . Power Chain Reactions 2 | . . . . 1 . 1 . . . . . . . Alert | -11 -10 -10 -10 -8 -8 -7 -7 -7 -7 -7 -6 -6 -6 ------- Run | Yrd Mat Min Sub Mat Gar Fac Low Low Zio Dee Pro Fac Low Maximum Alert Level 4 | . 1 . . . 3 4 . . . . . . . Low Security (%) 59 | 100 70 100 . 100 18 . . . . . . 100 . Level 1 15 | . 29 . . . 34 24 . . . . . . . Level 2 9 | . . . . . 28 23 . . . . . . . Level 3 14 | . . . . . 18 45 . . . . . . . Level 4 1 | . . . . . . 5 . . . . . . . Level 5 . | . . . . . . . . . . . . . . High Security . | . . . . . . . . . . . . . . Max Security . | . . . . . . . . . . . . . . Peak Influence 1143 | 10 279 84 . 107 1027 1143 . . . . . 116 . Initial 539 | . . 84 . 5 65 539 . . . . . 116 . Average 266 | 1 114 8 . 28 441 692 . . . . . 43 . Influence Increases 5011 | 15 568 20 200 338 972 1488 . . 10 . 700 700 . Destroy 0b10 Robot/C 2660 | . 360 20 120 160 400 860 . . . . 560 180 . Destroy 0b10 Robot/NC 235 | 15 15 . . 25 . 115 . . 10 . 5 50 . Destroy Leader 474 | . 72 . 20 44 20 180 . . . . 60 78 . Allied During Kill 59 | . . . . . 41 16 . . . . . 2 . Trap Triggered on 0b10 80 | . . . . . 20 20 . . . . . 40 . Successful Hack 309 | . 31 . . 27 35 80 . . . . . 136 . Select Force Hacks 60 | . 30 . . . . 30 . . . . . . . Disable Machine 195 | . 15 . . 15 90 45 . . . . . 30 . Anti-Garrison Action 250 | . . . . . 250 . . . . . . . . Destroy Structure 269 | . 45 . . 7 116 52 . . . . . 49 . Partial Spotted 60 | . . . . . . 15 . . . . . 45 . Lose Combat Pursuer 360 | . . . 60 60 . 75 . . . . 75 90 . Influence Decreases 5011 | 15 351 237 189 248 46 1644 537 154 190 . 514 845 41 Entered New Map 1316 | . . 133 . 6 36 488 323 64 180 . . 70 16 Time Decay 2662 | 15 341 104 179 231 . 616 214 90 10 . 364 473 25 Lost Part 403 | . 10 . 10 11 10 150 . . . . 110 102 . Lost Ally 160 | . . . . . . 90 . . . . 40 30 . Purge Threat 470 | . . . . . . 300 . . . . . 170 . Squads Dispatched 35 | . 4 . . 1 . 21 . . . . 1 8 . Investigation 7 | . 2 . . . . 3 . . . . . 2 . Extermination 8 | . . . . . . 4 . . . . . 4 . Reinforcement 12 | . 2 . . . . 8 . . . . . 2 . Assault 4 | . . . . . . 3 . . . . 1 . . Garrison 4 | . . . . 1 . 3 . . . . . . . Intercept . | . . . . . . . . . . . . . . Searches Triggered . | . . . . . . . . . . . . . . Construction Impeded 1 | . . . . . . 1 . . . . . . . Haulers Reinforced 3 | . . . . . . 3 . . . . . . . Active Scanning Responses . | . . . . . . . . . . . . . . Cargo Convoy Interrupts 1 | . . . . . . 1 . . . . . . . Stealth | -11 -10 -10 -10 -8 -8 -7 -7 -7 -7 -7 -6 -6 -6 --------- Run | Yrd Mat Min Sub Mat Gar Fac Low Low Zio Dee Pro Fac Low Distress Signals 13 | . 3 . . 1 . 8 . . . . . 1 . Communications Jammed . | . . . . . . . . . . . . . . Distress Signals . | . . . . . . . . . . . . . . Times Spotted 221 | . 27 1 11 16 19 67 . . . 12 34 24 10 Peak Tracking Total 9 | . 8 1 3 5 6 6 . . . 4 9 4 4 Tactical Retreats 21 | . . . 2 4 . 4 . . . . 4 4 3 ECM-based Alert Blocks 2 | . . . . . . . . . . . . 2 . Traps | -11 -10 -10 -10 -8 -8 -7 -7 -7 -7 -7 -6 -6 -6 ------- Run | Yrd Mat Min Sub Mat Gar Fac Low Low Zio Dee Pro Fac Low Traps Triggered 11 | . 1 . 1 . 7 2 . . . . . . . Indirectly . | . . . . . . . . . . . . . . Trap Hack Attempts 24 | . . . . . . . . . . . . 24 . Triggered 1 | . . . . . . . . . . . . 1 . Disarmed . | . . . . . . . . . . . . . . Reprogrammed 5 | . . . . . . . . . . . . 5 . Reused 10 | . . . . . 2 2 . . . . . 4 2 Traps Extracted 5 | . . . . . . . . . . . . 5 . Installed 10 | . . . . . 2 2 . . . . . 4 2 Triggered 10 | . . . . . 2 2 . . . . . 4 2 Most Traps Carried 10 | . . . . . 4 2 . . . . 10 10 5 Machines | -11 -10 -10 -10 -8 -8 -7 -7 -7 -7 -7 -6 -6 -6 ---------- Run | Yrd Mat Min Sub Mat Gar Fac Low Low Zio Dee Pro Fac Low Machines Disabled 24 | . 1 . 1 1 11 3 1 . . 1 2 2 1 Max in Single Turn 1 | . 1 . 1 1 1 1 1 . . 1 1 1 1 Garrison Access 3 | . . . . . . . . . . . . 3 . Garrison Relay 5 | . . . . . 5 . . . . . . . . Machines Repaired . | . . . . . . . . . . . . . . Machines Dismantled . | . . . . . . . . . . . . . . Machines Sabotaged . | . . . . . . . . . . . . . . Overloaded Fab Kills . | . . . . . . . . . . . . . . Hacking | -11 -10 -10 -10 -8 -8 -7 -7 -7 -7 -7 -6 -6 -6 --------- Run | Yrd Mat Min Sub Mat Gar Fac Low Low Zio Dee Pro Fac Low Machines Accessed 56 | . 8 2 2 5 3 15 1 1 . . 1 17 1 Terminals 27 | . 6 . . 2 3 9 . . . . . 7 . Fabricators 3 | . . . . . . . . . . . . 3 . Repair Stations 2 | . 1 . . . . 1 . . . . . . . Recycling Units 6 | . 1 . . 1 . 2 . . . . . 2 . Scanalyzers 5 | . . . . 1 . 2 . . . . . 2 . Garrison Access 5 | . . . . 1 . 1 . . . . . 3 . Total Hacks 162 | . 35 2 5 21 3 40 1 1 . . 1 52 1 Successful 106 | . 22 2 5 14 3 26 1 1 . . 1 30 1 Failed 55 | . 13 . . 7 . 13 . . . . . 22 . Catastrophic 6 | . 1 . . 1 . 2 . . . . . 2 . Database Lockouts 1 | . . . . . . 1 . . . . . . . Manual 94 | . 32 . . 12 . 22 . . 5 . . 22 1 Terminals 100 | . 32 . . 12 3 26 . . . . . 27 . Fabricators 8 | . . . . . . . . . . . . 8 . Repair Stations 5 | . 2 . . . . 3 . . . . . . . Recycling Units 12 | . 1 . . 3 . 3 . . . . . 5 . Scanalyzers 18 | . . . . 5 . 5 . . . . . 8 . Garrison Access 8 | . . . . 1 . 3 . . . . . 4 . Terminal Hacks 41 | . 6 2 5 3 3 10 1 1 . . 1 8 1 Record 5 | . . . 4 . . . . . . . 1 . . Part Schematic 4 | . 2 . . 1 . 1 . . . . . . . Robot Analysis 4 | . 3 . . 1 . . . . . . . . . Prototype ID Bank 1 | . . . . . . . . . . . . 1 . Open Door 6 | . . 2 . . 1 . 1 1 . . . . 1 Open DSF 2 | . . . . . . 2 . . . . . . . Branch Access Points 2 | . . . . . . 1 . . . . . 1 . Emergency Access Points 1 | . . . . . 1 . . . . . . . . Scanalyzer Index 1 | . . . . . . . . . . . . 1 . Garrison Index 1 | . . . . . . . . . . . . 1 . Alert Level 3 | . . . . . . 1 . . . . . 2 . Unreport Threat 4 | . . . . . . 2 . . . . . 2 . Locate Traps 1 | . 1 . . . . . . . . . . . . Recall Assault 1 | . . . . . . 1 . . . . . . . Zone Layout 3 | . . . . 1 . 2 . . . . . . . Patrol Navigation 1 | . . . . . 1 . . . . . . . . Proto ID Catalog 1 | . . . 1 . . . . . . . . . . Fabricator Hacks 3 | . . . . . . . . . . . . 3 . Load Schematic 1 | . . . . . . . . . . . . 1 . Build 2 | . . . . . . . . . . . . 2 . Repair Station Hacks 4 | . 2 . . . . 2 . . . . . . . Scan Component 2 | . 1 . . . . 1 . . . . . . . Repair 2 | . 1 . . . . 1 . . . . . . . Recycling Unit Hacks 3 | . . . . 3 . . . . . . . . . Recycle Component 1 | . . . . 1 . . . . . . . . . Process 1 | . . . . 1 . . . . . . . . . Retrieve Matter 1 | . . . . 1 . . . . . . . . . Scanalyzer 10 | . . . . 4 . 3 . . . . . 3 . Insert Component 2 | . . . . . . 1 . . . . . 1 . Retrieve Study 8 | . . . . 4 . 2 . . . . . 2 . Garrison Access Hacks 4 | . . . . 1 . . . . . . . 3 . Unlock Access 1 | . . . . 1 . . . . . . . . . Seal Access 3 | . . . . . . . . . . . . 3 . Unauthorized Hacks 41 | . 14 . . 3 . 11 . . . . . 13 . Terminals 31 | . 13 . . 3 . 7 . . . . . 8 . Assimilate 1 | . . . . . . . . . . . . 1 . Botnet 17 | . 6 . . 2 . 5 . . . . . 4 . Disrupt 2 | . 1 . . . . . . . . . . 1 . Operators 1 | . 1 . . . . . . . . . . . . Skim 10 | . 5 . . 1 . 2 . . . . . 2 . Fabricators 3 | . . . . . . . . . . . . 3 . Prioritize 2 | . . . . . . . . . . . . 2 . Liberate 1 | . . . . . . . . . . . . 1 . Repair Stations . | . . . . . . . . . . . . . . Recycling Units 5 | . 1 . . . . 2 . . . . . 2 . Monitor 1 | . . . . . . . . . . . . 1 . Recyclers 1 | . . . . . . . . . . . . 1 . Mask 1 | . . . . . . 1 . . . . . . . Tunnel 2 | . 1 . . . . 1 . . . . . . . Scanalyzers . | . . . . . . . . . . . . . . Garrison Access 2 | . . . . . . 2 . . . . . . . Reprogram 1 | . . . . . . 1 . . . . . . . Watchers 1 | . . . . . . 1 . . . . . . . Data Cores Recovered . | . . . . . . . . . . . . . . Used . | . . . . . . . . . . . . . . Hacking Detections 38 | . 7 . . 4 1 12 . . . . . 14 . Full Trace Events 3 | . . . . . . 1 . . . . . 2 . Feedback Events . | . . . . . . . . . . . . . . Feedback Blocked . | . . . . . . . . . . . . . . Robot Schematics Acquired 3 | . . . . . . . . . 3 . . . . Robots Built . | . . . . . . . . . . . . . . Authchips . | . . . . . . . . . . . . . . Time . | . . . . . . . . . . . . . . Total Robot Build Rating . | . . . . . . . . . . . . . . Part Schematics Acquired 19 | . 2 . . 1 . 1 . . 15 . . . . Parts Built 3 | . . . . . . . . . . . . 3 . Authchips . | . . . . . . . . . . . . . . Time 105 | . . . . . . . . . . . . 105 . Total Part Build Rating 19 | . . . . . . . . . . . . 19 . Part Studies Acquired 8 | . . . . 4 . 2 . . . . . 2 . Parts Repaired 2 | . 1 . . . . 1 . . . . . . . Time 64 | . 26 . . . . 38 . . . . . . . Parts Recycled 1 | . . . . 1 . . . . . . . . . Recycled Matter 61 | . . . . 61 . . . . . . . . . Retrieved Matter . | . . . . . . . . . . . . . . Retrieved Components . | . . . . . . . . . . . . . . Parts Scanalyzed 1 | . . . . . . 1 . . . . . . . Part Schematics Acquired . | . . . . . . . . . . . . . . Parts Damaged 1 | . . . . . . 1 . . . . . . . Bothacking | -11 -10 -10 -10 -8 -8 -7 -7 -7 -7 -7 -6 -6 -6 ------------ Run | Yrd Mat Min Sub Mat Gar Fac Low Low Zio Dee Pro Fac Low Used RIF Installer . | . . . . . . . . . . . . . . Robots Hacked 2 | . . . . . . 1 . . . . . 1 . Non-combat 2 | . . . . . . 1 . . . . . 1 . Combat . | . . . . . . . . . . . . . . Robot Hacks Applied 3 | . . . . . . 1 . . . . . 2 . parse_system 1 | . . . . . . 1 . . . . . . . no_distress 1 | . . . . . . . . . . . . 1 . find_fabricator 1 | . . . . . . . . . . . . 1 . Relay Couplers Released 20 | . . . . . 20 . . . . . . . . Machine Destruction 20 | . . . . . 20 . . . . . . . . Fabnet Peak Effective % . | . . . . . . . . . . . . . . Robots Rewired 4 | . . . . . 2 . . . . . 2 . . Allies Hacked . | . . . . . . . . . . . . . . Hacks Repelled . | . . . . . . . . . . . . . . Allies | -11 -10 -10 -10 -8 -8 -7 -7 -7 -7 -7 -6 -6 -6 -------- Run | Yrd Mat Min Sub Mat Gar Fac Low Low Zio Dee Pro Fac Low Total Allies 13 | . . 1 . . 2 3 . . 2 . 2 3 . Largest Group 3 | . . 1 . . 2 3 . . 2 2 1 2 . Highest-Rated Group 192 | . . 31 . . 62 62 . . 192 192 32 64 . Highest-Rated Ally 96 | . . 31 . . 31 31 . . 96 96 32 32 . Initial Warlord ECA Mod 6 | . . . . . . 6 6 6 6 6 5 5 5 Total Orders 3 | . . 1 . 1 . 1 . . . . . . . RETURN 3 | . . 1 . 1 . 1 . . . . . . . Ally Attacks 92 | . . . . . 20 38 . . . 25 4 5 . Total Damage 1905 | . . . . . 360 433 . . . 572 177 363 . Kills 16 | . . . . . 7 3 . . . 4 . 2 . Allies Corrupted 1 | . . . . . . . . . . . 1 . . Allies Melted 1 | . . . . . . . . . . 1 . . . Intel | -11 -10 -10 -10 -8 -8 -7 -7 -7 -7 -7 -6 -6 -6 ------- Run | Yrd Mat Min Sub Mat Gar Fac Low Low Zio Dee Pro Fac Low Active Infowar (turns) 6965 | 17 650 . . . 149 492 457 189 686 1089 978 1653 605 Sensors 2073 | . . . . . . . 26 165 208 . . 1069 605 Structural 159 | . . . . . . . . . . . . 159 . Seismic 1431 | 17 650 . . . 149 194 397 24 . . . . . T.N.C. 188 | . . . . . . . . . . . . 126 62 Machine Analysis 4594 | . . . . . . 486 457 189 686 1089 978 709 . Jamming 120 | . . . . . . . . . . . . 120 . ECM 89 | . . . . . . 1 11 . . . 59 18 . Robot Analysis Total 4 | . 3 . . 1 . . . . . . . . . Derelict Logs Recovered 7 | . . 1 2 . . . . 2 1 . 1 . . Drone Launches 7 | . . 3 . 1 . 3 . . . . . . . Drone Recoveries 6 | . . 3 . 1 . 2 . . . . . . . Exploration | -11 -10 -10 -10 -8 -8 -7 -7 -7 -7 -7 -6 -6 -6 ------------- Run | Yrd Mat Min Sub Mat Gar Fac Low Low Zio Dee Pro Fac Low Turns Passed 15919 | 111 1230 957 3669 844 1142 2058 457 189 686 1089 978 1851 658 Spaces Moved 11153 | 54 597 373 815 346 611 1397 515 416 1085 1376 854 1847 867 Core 110 | 5 . . . 27 . . . . . . 76 2 . Treads 635 | . . . 568 . . 20 . . . . . 47 . Legs 1316 | 49 597 373 124 52 . 1 . . . . 62 58 . Wheels 1700 | . . . 123 267 611 699 . . . . . . . Hover 5926 | . . . . . . 677 515 416 1085 1376 441 549 867 Flight 1466 | . . . . . . . . . . . 275 1191 . Fastest Speed 31 | 50 120 190 150 50 126 43 43 43 43 43 32 31 52 Average Speed 110 | 113 155 249 424 181 132 101 43 43 58 60 85 57 52 Slowest Speed 540 | 120 190 470 540 540 135 400 43 43 103 240 365 440 56 Overloaded Moves . | . . . . . . . . . . . . . . Propulsion Burnouts . | . . . . . . . . . . . . . . Robots Hopped 1 | . . . . . . . . . . . . 1 . Potential Cave-ins . | . . . . . . . . . . . . . . Cave-ins Triggered 2 | . . . . . . . . . . 1 . 1 . Exploration Rate (%) 60 | 4 93 69 56 25 87 50 63 62 82 78 68 40 65 Regions Visited 13 Branch Regions 8 Pre-discovered Areas 6 | . 1 . . . . 1 1 . 3 . . . . Known Exits Taken 3 | . . . . 1 . 1 . . . . . 1 . Unknown Exits Taken 9 | 1 1 1 1 . . . 1 1 1 1 1 . . Scrap Searched 12 | . . . . . . . 2 2 5 . 1 . 2 Spaces Dug 171 | . 4 . . . 19 15 2 . . 39 44 48 . Terrain Destroyed 561 | . 44 . 2 5 27 48 2 . . 162 209 48 14 Melee 78 | . 4 . . . 12 10 2 . . 2 . 48 . Projectile 24 | . . . 2 . . 7 . . . 1 . . 14 AOE 459 | . 40 . . 5 15 31 . . . 159 209 . . Terrain Rammed . | . . . . . . . . . . . . . . Walls Destroyed . | . . . . . . . . . . . . . . Machines Disabled . | . . . . . . . . . . . . . . Actions | -11 -10 -10 -10 -8 -8 -7 -7 -7 -7 -7 -6 -6 -6 --------- Run | Yrd Mat Min Sub Mat Gar Fac Low Low Zio Dee Pro Fac Low Total 13618 | 78 816 398 977 507 817 1792 743 425 1123 1561 1036 2346 999 Wait 1078 | 1 139 7 90 54 17 109 215 7 23 105 35 227 49 Move 11140 | 54 596 372 814 346 610 1396 514 415 1084 1375 853 1844 867 Hop 1 | . . . . . . . . . . . . 1 . Pick Up 198 | 3 16 7 28 38 3 31 2 1 1 9 38 19 2 Fast Attach 96 | 6 1 3 3 5 . 17 1 . 2 6 18 31 3 Attach 58 | 1 . . 4 7 2 23 . . . 3 8 9 1 Detach 27 | . . . 2 1 1 15 1 . 1 1 . 4 1 Swap 151 | . 19 5 4 5 18 43 5 1 5 18 10 16 2 Drop 125 | . 6 2 3 14 2 39 2 1 2 12 16 21 5 Fire 333 | 11 33 1 26 36 22 89 . . . 25 25 6 59 Melee 256 | . 6 . . . 46 27 3 . 5 7 14 140 8 Ram . | . . . . . . . . . . . . . . Kick 8 | 2 . 1 3 1 . 1 . . . . . . . Crush . | . . . . . . . . . . . . . . Escape Stasis 56 | . . . . . 56 . . . . . . . . Rewire 57 | . . . . . 38 . . . . . 19 . . Trap 34 | . . . . . 2 2 . . . . . 28 2 Miscellaneous . | . . . . . . . . . . . . . . Route ------- -11/Scrapyard -10/Materials (discovered 5 exits: [*Mat x3] / *Min x2) -10/Mines -10/Subcaves (discovered 2 exits: *Mat / Rec) -8/Materials (discovered 3 exits: *Fac / Sto / Gar) -8/Garrison (discovered 3 exits: *Fac x3) -7/Factory (discovered 2 exits: *Low x2) -7/Lower Caves -7/Lower Caves (discovered 2 exits: *Fac / *Zio) -7/Zion -7/Deep Caves -6/Proximity Caves -6/Factory (discovered 4 exits: Fac x2 / *Low x2) -6/Lower Caves (discovered 1 exit: *Low) History --------- Turn | Location | Event 4 | -11/Scrapyard | Discovered new exit (range 15) 112 | -11/Scrapyard | Entered Materials 285 | -10/Materials | Discovered new exit (range 15) 314 | -10/Materials | Build established: Mutant 431 | -10/Materials | Discovered new exit (range 6) 809 | -10/Materials | Discovered new exit (range 16) 828 | -10/Materials | Repaired Seismic Detector? 987 | -10/Materials | Discovered new exit (range 12) 1202 | -10/Materials | Discovered new exit (range 7) 1342 | -10/Materials | Entered Mines 1345 | -10/Mines | Received a Mining Laser from a helpful Derelict 1380 | -10/Mines | Learned location of 1 exit from Materials 1714 | -10/Mines | Found the Drone Emporium 1723 | -10/Mines | Found Prototype Device 1723 | -10/Mines | Identified Sensor Drone Bay 2040 | -10/Mines | Met a Derelict who couldn't figure out how to use a Trap Extractor 2119 | -10/Mines | Discovered new exit (range 7) 2299 | -10/Mines | Entered Subcaves 2526 | -10/Subcaves | Visited Clippyterm 2538 | -10/Subcaves | Identified exit to Recycling 2538 | -10/Subcaves | Learned Research security intel 2600 | -10/Subcaves | Shifting Twisted Machinery released Sub. Laser 2612 | -10/Subcaves | Shifting Twisted Machinery released Sub. Laser 2706 | -10/Subcaves | A swath of the cavern ceiling suddenly collapsed 2861 | -10/Subcaves | Core integrity fell below 50% 3179 | -10/Subcaves | Visited 4L-MR0's lab 3218 | -10/Subcaves | Found Tower Shield 4520 | -10/Subcaves | Learned Materials terminal intel 4611 | -10/Subcaves | Learned location of 1 exit from Materials 5083 | -10/Subcaves | Core integrity fell below 20% 5362 | -10/Subcaves | Shifting Twisted Machinery released Sub. Monowheel 5625 | -10/Subcaves | Attached Tower Shield, gained temporary slots: Power, Propulsion x2, Utility x2, Weapon x2 5934 | -10/Subcaves | Discovered new exit (range 6) 5968 | -10/Subcaves | System corruption reached 10% 5968 | -10/Subcaves | Entered Materials 5968 | -8/Materials | Evolved 4 slots: Propulsion x1, Utility x1, Weapon x2 5969 | -8/Materials | Identified exit to Storage 5969 | -8/Materials | Identified exit to Factory 5970 | -8/Materials | Loaded intel: 12 terminal locations 6311 | -8/Materials | Lost 4 parts (1n1u2w) 6740 | -8/Materials | Garrison activated, responded to threat 6812 | -8/Materials | Identified exit to Garrison 6812 | -8/Materials | Entered Garrison 6935 | -8/Garrison | Build established: Tank 6984 | -8/Garrison | Garrison Relay disabled 7062 | -8/Garrison | Triggered checkpoint 7176 | -8/Garrison | Garrison Relay disabled 7213 | -8/Garrison | Discovered exit to Factory (range 12) 7353 | -8/Garrison | Triggered checkpoint 7560 | -8/Garrison | Discovered exit to Factory (range 10) 7588 | -8/Garrison | Triggered checkpoint 7656 | -8/Garrison | Garrison Relay disabled 7742 | -8/Garrison | Triggered checkpoint 7816 | -8/Garrison | Discovered exit to Factory (range 10) 7871 | -8/Garrison | Garrison Relay disabled 7892 | -8/Garrison | Triggered checkpoint 7919 | -8/Garrison | Garrison Relay disabled 7954 | -8/Garrison | Entered Factory 7954 | -7/Factory | Accompanied by 2 allies 7954 | -7/Factory | Evolved 2 slots: Propulsion x1, Utility x1 7957 | -7/Factory | Identified exit to DSF 8355 | -7/Factory | Repaired Hpw. Shotgun 8468 | -7/Factory | Build established: Gunner 8856 | -7/Factory | Destroyed 8 combat bots 8984 | -7/Factory | Build established: Tank 9041 | -7/Factory | Cargo convoy interrupted 9133 | -7/Factory | Discovered new exit (range 12) 9154 | -7/Factory | First assault squad dispatched 9374 | -7/Factory | Identified exit to Lower Caves 9387 | -7/Factory | Garrison activated, responded to threat 9538 | -7/Factory | Destroyed 7 combat bots 9547 | -7/Factory | Lost 6 parts (1p2u3w) 9917 | -7/Factory | Central database locked down 10012 | -7/Factory | Entered Lower Caves 10018 | -7/Lower Caves | Met a Warlord Commander 10019 | -7/Lower Caves | Learned location of Warlord (-4) 10020 | -7/Lower Caves | Warlord Commander delivered Encrypted Comm Array 10033 | -7/Lower Caves | Found Encrypted Comm Array 10090 | -7/Lower Caves | Build established: Skirmisher 10465 | -7/Lower Caves | Discovered new exit (range 8) 10469 | -7/Lower Caves | Entered another Lower Caves area 10524 | -7/Lower Caves | Discovered new exit (range 14) 10532 | -7/Lower Caves | Spotted B-75 Beast 10575 | -7/Lower Caves | Encountered a Warlord checkpoint 10593 | -7/Lower Caves | Learned Factory trap positions 10651 | -7/Lower Caves | Discovered new exit (range 13) 10658 | -7/Lower Caves | Entered Zion 10684 | -7/Zion | Acquired unknown access codes intercepted by a Zionite 10704 | -7/Zion | Given A8's code to call for help 10707 | -7/Zion | Found CR-A16's Pointy Stick 10740 | -7/Zion | Learned location of Data Miner (-6) 10866 | -7/Zion | Found Prototype Device 10866 | -7/Zion | Identified Phasing AFG 10929 | -7/Zion | Met Imprinter 11057 | -7/Zion | Learned 8 Factory zone layouts 11294 | -7/Zion | Opened final containment barrier to the Deep Caves 11300 | -7/Zion | Discovered new exit (range 3) 11300 | -7/Zion | Saw the warning signs outside the Deep Caves entrance 11310 | -7/Zion | Enhanced Grunt warped into view, answering call for help 11312 | -7/Zion | Enhanced Grunt warped into view, answering call for help 11344 | -7/Zion | Entered Deep Caves 11344 | -7/Deep Caves | Accompanied by 2 allies 11401 | -7/Deep Caves | Attacked by Z-Imprinter 11419 | -7/Deep Caves | Destroyed Z-Imprinter 11442 | -7/Deep Caves | Found Prototype Protection 11442 | -7/Deep Caves | Identified Zio. Weapon Casing 11450 | -7/Deep Caves | Found Prototype Device 11450 | -7/Deep Caves | Identified Exp. Thermal Shield 11666 | -7/Deep Caves | Z-Facility disabled 11712 | -7/Deep Caves | Found Prototype Protection 11712 | -7/Deep Caves | Identified Zio. Heavy Carapace 11777 | -7/Deep Caves | Found Zio. Weapon Casing 12024 | -7/Deep Caves | Crushed by falling debris 12024 | -7/Deep Caves | Core integrity fell below 50% 12113 | -7/Deep Caves | Found Deploy-a-Sentry 12228 | -7/Deep Caves | Build established: Scavenger-Skirmisher 12431 | -7/Deep Caves | Discovered new exit (range 6) 12433 | -7/Deep Caves | Entered Proximity Caves 12615 | -6/Proximity Caves | Attracted the attention of an 0b10 outpost 12669 | -6/Proximity Caves | Destroyed 9 combat bots 12669 | -6/Proximity Caves | Lost 3 parts (1n2w) 12763 | -6/Proximity Caves | Found Alien Artifact 12882 | -6/Proximity Caves | Core integrity fell below 20% 12918 | -6/Proximity Caves | Lost 5 parts (2p2n1w) 12977 | -6/Proximity Caves | Discovered new exit (range 16) 13318 | -6/Proximity Caves | Build established: Scavenger-Mutant 13411 | -6/Proximity Caves | Entered Factory 13411 | -6/Factory | Evolved 2 slots: Utility x2 13412 | -6/Factory | Identified exit to Lower Caves 13413 | -6/Factory | Identified exit to Factory 13414 | -6/Factory | Loaded intel: 127 trap records 13680 | -6/Factory | Lost 4 parts (1p1u2w) 13898 | -6/Factory | Lost 3 parts (1n1u1w) 14117 | -6/Factory | Fabricated Imp. Hacking Suite? 14350 | -6/Factory | Fabricated Adv. Transmission Jammer (x2) 14689 | -6/Factory | Crushed by falling debris 14689 | -6/Factory | System corruption reached 10% 14720 | -6/Factory | Lost 4 parts (2n2u) 14834 | -6/Factory | Core integrity fell below 50% 14916 | -6/Factory | Lost 9 parts (1p3n2u3w) 15197 | -6/Factory | Identified Dimensional Node Initializer 15262 | -6/Factory | Entered Lower Caves 15536 | -6/Lower Caves | Ambushed by wild Derelicts 15806 | -6/Lower Caves | Acquired the password to a Derelict Tinkerer's latest research 15811 | -6/Lower Caves | Found Prototype Special Weapon 15811 | -6/Lower Caves | Identified Molecular Deconstructor 15844 | -6/Lower Caves | Discovered new exit (range 12) 15860 | -6/Lower Caves | Identified exit to Lower Caves 15877 | -6/Lower Caves | Spotted B-75 Beast 15898 | -6/Lower Caves | Caught by Unaware searching for contraband prototypes 15907 | -6/Lower Caves | Core integrity fell below 20% 15920 | -6/Lower Caves | Destroyed by X-72 Disruptor with Arc Projector Last Messages --------------- 15854_ Imp. Trap Extractor dropped Shock Trap. 15854_ Installed Shock Trap. 15857_ Imp. Trap Extractor dropped Shock Trap. 15857_ Installed Shock Trap. 15860_ EXIT=IDENTIFIED: LOWER CAVES 15866_ Dropped Molecular Deconstructor. 15867_ Dropped Adv. Sensor Array. 15867_ Dropped Exp. Heat Sink. 15868_ System corrupted: Component data lost. 15870_ Acquired Exp. Heat Sink. 15888_ System corrupted: Matter fused (-6). 15898_ P-70 Sage: "CONFIRMED SUSPICIOUS DERELICT. COMMENCE PROTOTYPE CONTRABAND SEARCH." 15903_ System corrupted: Component data lost. 15903_ Knocked back. 15905_ Gravmag System+ destroyed. 15909_ Exp. Heat Sink destroyed. 15909_ Knocked back. 15920_ System corrupted: Heat flow error (+284). Map ----- +----------------------------------------------------+ | ????????????????????????????????????????????????? | | ????????????????????????????????????????????????? | | ????????????????????????????????????????????????? | | ????????????????????????????????????????????????? | | ????????????????????????????????????????????????? | | ????????????????????????????????????????????????? | | ????????????????????????????????????????????????? | | ????????????????????????????????????????######??? | | ????????????????????????????????????????#X ] ##?? | | ????????????????????????????????????????## #//#?? | | ?????????????????????????????????????????# #! #?? | | ?????????????????????????????????????????# ####?? | | ?????????????????????????????????????????## #???? | | ????????????????????????????????????????## ##### | | ???????????????????#####????????????????# # | | ???????????????????# #???????????????## | | ???????????????????##! ##?????????????## | | ????????????????????#| #???????####### | | ????????????????????# #???????# | | ????????????????????##; ##???#### | | ?????????????????????#; ##??# | | ????????????????????## #??# ## ### | | ???????????????##???# ##?# ### ## #?# | | ???????????????# #??## ### #?#### ### | | ??????????????## ###;# > #????# | | ??????????????# ;; @ x ##????# | | ??????????????# ##; ## # | | ??????????????# ##;BB #? ### ### # | | ??????????????# ##;BB ## #? # ????# # | | ??????????????# p #### #? #??????? # | | ??????????????# % #??## # ????????% | | ??????????????### "# #??## # ???????? | | ????????????????# # #???# ???????? # | | ???????????????# #???# #???????%# | | ??????????????# ;#?? # ######## # | | ??????????????# ###?? # % # | | ??????????????# ### #???? ### #### #? | | ??????????????# ??## ##???? #?# % %## | | ??????????????# #???# #??????????# % | | ??????????????# #???? #??????????# % | | ??????????????## #????? #??????????# # | | ???????????????###??????# #??????????## ## | | ????????????????????????? #???????????## ##? | | ?????????????????????????# #????????????## #?? | | ??????????????????????????#???????????????# ##? | | ??????????????????????????????????????????# ## | | ??????????????????????????????????????????## | | ???????????????????????????????????????????## | | ????????????????????????????????????????????## | | ?????????????????????????????????????????????#### | +----------------------------------------------------+ Best States ------------- Heat Dissipation 63 Energy Generation 27 Energy Capacity 700 Matter Stores 400 Matter Capacity 400 Sight Range 16 Robot Scan Range 16 Terrain Scan Density 10 ECM Strength 2 Jamming Range 16 Additional Mass Support 9 Armor Coverage 2000 Weapon Shielding 100 Melee Speed Boost 20 Evasion (%) 63 Targeting Accuracy 8 Recoil Reduction 2 Offensive Hacking 23 Trap Extractor Capacity 6 Item Schematics ----------------- Hcp. Storage Unit | -10/Materials | Hacked Huge Storage Unit | -10/Materials | Hacked Hacking Suite | -8/Materials | Hacked Cmb. Airjet | -7/Factory | Hacked Shock Absorption System | -7/Zion | Archive Hvy. Machine Gun | -7/Zion | Archive Lgt. Fission Core | -7/Zion | Archive Hrd. Heavy Armor Plating | -7/Zion | Archive Hvy. Ion Cannon | -7/Zion | Archive Imp. Coolant Injector | -7/Zion | Archive Coil Gun | -7/Zion | Archive Proton Missile Launcher | -7/Zion | Archive Imp. Cooling System | -7/Zion | Archive Imp. Reaction Control System | -7/Zion | Archive Arm. Huge Wheel | -7/Zion | Archive Imp. Hacking Suite | -7/Zion | Archive Imp. Titanium Leg | -7/Zion | Archive Imp. Corruption Screen | -7/Zion | Archive Imp. KE Penetrator | -7/Zion | Archive Robot Schematics ------------------ I-25 Savior | -7/Zion | Archive A-02 Transporter | -7/Zion | Archive Y-54 Guardian | -7/Zion | Archive Fabricated ------------ Imp. Hacking Suite | x1 | -6/Factory Adv. Transmission Jammer | x2 | -6/Factory | Preloaded Repaired ---------- Seismic Detector | 35% | -10/Materials Hpw. Shotgun | 48% | -7/Factory Studied --------- Wheel | -8/Materials | Hacked Arm. Wheel | -8/Materials | Hacked Aluminum Leg | -8/Materials | Hacked Rocket Launcher | -8/Materials | Hacked Mic. Nuclear Core | -7/Factory | Hacked Gravmag System | -7/Factory | Hacked Xenon Bombardment Thruster | -6/Factory | Hacked Gravmag Array | -6/Factory | Hacked Alien Tech Used ----------------- None Achievements -------------- I Like You, Cogmind Mistaken Identity We Love MA Challenges ------------ None Game ------ Seed HeartFluxSabre Manual? 0 Play Time 03:16:50 Cumulative 334.7 hours Start 2025.10.25 @ 09:44:25 End 2025.10.25 @ 13:48:51 Sessions 3 Manual Loads 0 Difficulty Rogue Special Mode None Game No. 169 Rogue 161 Adventurer 8 Explorer 0 Win Type - Total 21 Types 12/0/4/2/0/0/1/0/1/1 Lore% 88 Gallery% 87 Achievement% 62 Wizard Run 0 Options --------- Layout 2 ASCII 0 Keyboard 1 Movement Numpad Keybinds 1 Fullscreen 1 Font 24/Smallcaps Map View 50x44 Zoom Use 0% Tactical HUD 1 Map Filters SATURATION(78)|BRIGHTNESS(125) Filters SHIFT_HUE(220) Steam 1 RUN: 4e89bee8-3043-4f70-9330-cd631aaa6b2f